 Dungeon Crawl Stone Soup version 0.29.0-4-gdea44cf6ec (webtiles) character file.

Game seed: 1955864689074825509

118 qw the Chopper (level 5, 0/30 HPs)
             Began as a Tengu Warper on Aug 28, 2022.
             Slain by Grinder (6 damage)
             ... on level 3 of the Dungeon.
             The game lasted 00:00:13 (2155 turns).

qw the Chopper (Tengu Warper)                       Turns: 2155, Time: 00:00:13

Health: 0/30       AC:  6    Str: 13    XL:     5   Next: 2%
Magic:  9/9        EV: 13    Int: 14    God:
Gold:   160        SH:  0    Dex: 13    Spells: 8/8 levels left

rFire   . . .      SeeInvis .   Y - +0 war axe
rCold   . . .      Faith    .   (no shield)
rNeg    . . .      Spirit   .   f - +0 ring mail
rPois   .          Reflect  .   (helmet restricted)
rElec   .          Harm     .   (no cloak)
rCorr   .          Rampage  .   i - +0 pair of gloves
Will    .....                   (boots unavailable)
Stlth   +.........              (no amulet)
HPRegen 0.10/turn               (no ring)
MPRegen 0.11/turn               (no ring)

@: flying quickly and evasively, quick
A: beak, talons 3, nimble flight
a: no special abilities


You were on level 3 of the Dungeon.
You visited 1 branch of the dungeon, and saw 3 of its levels.

You collected 160 gold pieces.


Innate Abilities, Weirdness & Mutations

You have a beak for a mouth.
You have claws for feet.
Your magical nature lets you fly swiftly and evasively.


   Skills:
 - Level 2.0 Fighting
 + Level 5.5 Axes
 - Level 1.0 Throwing
 - Level 1.1 Armour
 - Level 2.1 Dodging
 - Level 2.0 Spellcasting
 - Level 2.4 Translocations


You had 8 spell levels left.
You didn't know any spells.
Your spell library contained the following spells:

 Spells                   Type           Power      Damage    Failure   Level
 Blink                    Tloc           16%        N/A       28%         2
 Gell's Gravitas          Tloc           8%         N/A       50%         3
 Lesser Beckoning         Tloc           8%         N/A       50%         3
 Teleport Other           Tloc           8%         N/A       50%         3
 Manifold Assault         Tloc           8%         N/A       99%         5

Inventory:

Hand Weapons
 g - a +0 whip
 Y - a +0 war axe (weapon)
Armour
 f - a +0 ring mail (worn)
 i - a +0 pair of gloves (worn)
 j - a +0 scale mail
Scrolls
 a - 2 scrolls of identify
 l - a scroll of vulnerability {unknown}
Potions
 b - a potion of resistance {unknown}
 c - 2 potions of curing
 d - a potion of mutation
 e - a potion of heal wounds
 h - a potion of lignification {unknown}
 k - a potion of berserk rage {unknown}

Dungeon Overview and Level Annotations

Branches:
Dungeon (3/15)

Altars:

Annotations:
D:3 Grinder


Message History

l - a scroll labelled OCOYKL SAKOTOH
Found a stone staircase leading up.
Enter note:
Enter note: You now have 149 gold pieces (gained 12).
You reach down and open the door.
There is an open door here.
A goblin comes into view. It is wielding a +0 dagger.
The goblin shouts!
Enter note: You closely miss the goblin.
You peck the goblin.
The goblin is severely wounded.
The goblin barely misses you.
You barely miss the goblin. You claw the goblin.
You kill the goblin!
You now have 160 gold pieces (gained 11).
Found a scale mail.
Grinder comes into view.
Grinder shouts!
Grinder drinks a potion.
Grinder seems to speed up.
Found 9 stones.
Grinder blinks!
Grinder blinks!
Grinder gestures at you.
You suddenly lose the ability to move!
Grinder gestures at you. Pain shoots through your body!
You can move again.
You hit Grinder.
Grinder is lightly wounded.
Grinder hits you but does no damage. Grinder hits you.
You writhe in agony.
You closely miss Grinder. Your peck misses Grinder.
Grinder is lightly wounded.
Grinder hits you.
You writhe in agony.
You hit Grinder. Your peck misses Grinder.
Grinder is lightly wounded.
Grinder hits you.
Grinder blinks!
Grinder blinks!
Grinder hits you.
You writhe in agony.
You die...

.[.#########..(.........# ...#
...........#...(........## ...#
.#########.#.............# #...#
........##.#.............## #...#
.....##.##.#..............# #...#
...)<)..##.#..[..[......#.###...#
...))#####.#............#...#...#
...........#.....5......###.....+
....########....@.......# ##....#
....# #............# #..... ....#
#..ยค.........# #...#. ....#
#............# #.#... ....#
#............####.#... ....#
###########.........(. #####
#........>#. #.........#.
#.........#.


You could see Grinder (fast).

Vanquished Creatures
  An orc priest (D:3)
  4 adders
  A dart slug (D:3)
  7 orcs (D:3)
  4 endoplasms
  A giant cockroach (D:1)
  4 goblins
  3 hobgoblins (D:1)
  5 kobolds
  A quokka (D:2)
  2 ball pythons
  3 bats (D:2)
  3 frilled lizards
  5 rats
44 creatures vanquished.

Notes
Turn   | Place    | Note
-------+----------+-------------------------------------------
     0 | D:1      | qw the Tengu Warper began the quest for the Orb.
     0 | D:1      | Reached XP level 1. HP: 12/12 MP: 4/4
     0 | D:1      | 0 ||| qw: Version: 0.1-a-89-g26bdef1
     0 | D:1      | 0 ||| qw: Game counter: 535
     0 | D:1      | 0 ||| qw: Always use a shield: true
     0 | D:1      | 0 ||| qw: God list: Okawaru
     0 | D:1      | 0 ||| qw: Allow faded altars: false
     0 | D:1      | 0 ||| qw: Do Orc after D:15 true
     0 | D:1      | 0 ||| qw: Do second Lair branch before Depths: true
     0 | D:1      | 0 ||| qw: Lair rune preference: random
     0 | D:1      | 0 ||| qw: Plans: Normal
     0 | D:1      | 0 ||| PLANNING D:1-11
   126 | D:1      | Reached XP level 2. HP: 17/17 MP: 6/6
   135 | D:1      | 135 ||| Stepping ~*~*~tactically~*~*~ (stealth).
   147 | D:1      | Reached skill level 3 in Axes
   855 | D:1      | 855 ||| UPGRADING to +0 ring mail.
   865 | D:1      | 865 ||| DROPPING +0 leather armour.
   866 | D:1      | 866 ||| UPGRADING to +0 pair of gloves.
   871 | D:1      | 871 ||| READING 3 scrolls labelled IHYTEAFERPHO.
   872 | D:1      | 872 ||| READING 2 scrolls of identify.
   872 | D:1      | 872 ||| IDENTIFYING fuming yellow potion
   873 | D:1      | 873 ||| DROPPING scroll of blinking.
   899 | D:2      | 899 ||| STAIRDANCE
   924 | D:2      | 924 ||| STAIRDANCE
   983 | D:2      | Identified the +1 leather armour of Rikiuluggi {Str-5 Int+6
                  | Dex+9}
  1047 | D:2      | Reached XP level 3. HP: 9/21 MP: 7/7
  1336 | D:2      | Reached skill level 4 in Axes
  1440 | D:2      | 1440 ||| SWAPPING to +0 war axe.
  1441 | D:2      | 1441 ||| DROPPING +0 hand axe.
  1491 | D:2      | 1491 ||| Stepping ~*~*~tactically~*~*~ (stealth).
  1784 | D:2      | 1784 ||| DROPPING +1 leather armour of Rikiuluggi {Str-5
                  | Int+6 Dex+9}.
  1785 | D:2      | 1785 ||| READING scroll labelled DAGOHO JIOSOXOZAO.
  1786 | D:2      | 1786 ||| DRINKING 3 dark potions.
  1787 | D:2      | 1787 ||| READING 2 scrolls of identify.
  1787 | D:2      | 1787 ||| IDENTIFYING emerald potion
  1807 | D:3      | 1807 ||| STAIRDANCE
  1810 | D:2      | Reached XP level 4. HP: 23/26 MP: 8/8
  1865 | D:3      | 1865 ||| Stepping ~*~*~tactically~*~*~ (stealth).
  1868 | D:3      | 1868 ||| Stepping ~*~*~tactically~*~*~ (stealth).
  1886 | D:3      | 1886 ||| Stepping ~*~*~tactically~*~*~ (hiding).
  1887 | D:3      | 1887 ||| Stepping ~*~*~tactically~*~*~ (hiding).
  1890 | D:3      | 1890 ||| Stepping ~*~*~tactically~*~*~ (hiding).
  1897 | D:3      | Reached skill level 5 in Axes
  1903 | D:3      | 1903 ||| Stepping ~*~*~tactically~*~*~ (stealth).
  2074 | D:3      | Gained mutation: Your magical nature lets you fly swiftly
                  | and evasively. [Tengu growth]
  2074 | D:3      | Reached XP level 5. HP: 30/30 MP: 9/9
  2143 | D:3      | Noticed Grinder
  2145 | D:3      | Paralysed by Grinder for 4 turns
  2155 | D:3      | HP: 6/30 [Grinder (2)]
  2155 | D:3      | Slain by Grinder

Levels and vault maps discovered:
D:1:      dpeg_arrival_orchard, layout_loops_ring
D:2:      layout_rooms
D:3:      layout_basic, uniq_grinder

Skill      XL: |  1  2  3  4 |
---------------+-------------+-----
Axes           | 3 4 5 |  5.5
Fighting       | |  2.0
Throwing       | |  1.0
Armour         | |  1.1
Dodging        | |  2.1
Spellcasting   | |  2.0
Translocations | |  2.4

Action                   |  1- 3 |  4- 6 || total
-------------------------+-------+-------++-------
Melee: Hand axe          |    39 |       ||    39
       Peck              |    12 |     4 ||    16
       Kick              |     9 |     5 ||    14
       War axe           |    14 |    32 ||    46
Throw: Boomerang         |     7 |       ||     7
  Use: Scroll            |     4 |       ||     4
       Potion            |     1 |       ||     1
Armor: Leather armour    |     3 |       ||     3
       Ring mail         |    14 |    12 ||    26
Dodge: Dodged            |    20 |    17 ||    37

Table legend:
 A = Non-vault XP
 B = Vault XP
 C = Vault XP percentage of total XP
 D = Non-vault monster count
 E = Vault monster count
 F = Vault count percentage of total count
                 A         B        C        D         E       F
            +---------+---------+-------+---------+---------+-------
      Total |     169 |       0 |   0.0 |      44 |       0 |   0.0
            +---------+---------+-------+---------+---------+-------
        D:1 |      26 |       0 |   0.0 |      15 |       0 |   0.0
        D:2 |      56 |       0 |   0.0 |      14 |       0 |   0.0
        D:3 |      87 |       0 |   0.0 |      15 |       0 |   0.0
            +---------+---------+-------+---------+---------+-------
